 Dungeon Crawl Stone Soup version 0.26.0-10-g1f06aea511 (webtiles) character file.

Game seed: 13913505786404070987

1064 Borgoz the Slasher (level 8, -2/67 HPs)
             Began as a Ghoul Gladiator on Jan 18, 2021.
             Slain by an ufetubus (3 damage)
             ... summoned by Eustachio
             ... on level 6 of the Dungeon.
             The game lasted 00:06:06 (5312 turns).

Borgoz the Slasher (Ghoul Gladiator)                Turns: 5312, Time: 00:06:07

Health: -2/67      AC: 10    Str: 18      XL:     8   Next: 27%
Magic:  7/7        EV: 11    Int:  3      God:
Gold:   166        SH:  0    Dex:  8 (12) Spells: 7/7 levels left

rFire    . . .     SeeInvis .   a - +2 long sword
rCold    + . .     Faith    .   (no shield)
rNeg     + + +     Spirit   .   k - +0 scale mail
rPois    ∞         Reflect  .   c - +1 helmet
rElec    .         Harm     .   j - +0 cloak
rCorr    .         Rampage  .   (no gloves)
Will     .....                  (no boots)
Stlth    +.........             (no amulet)
HPRegen  0.00/turn              b - ring of stealth
MPRegen  0.10/turn              (no ring)

@: no status effects
A: claws 1, cold resistance 1, negative energy resistance 3, inhibited
regeneration, torment resistance, unbreathing
a: no special abilities


You were on level 6 of the Dungeon.
You visited 1 branch of the dungeon, and saw 6 of its levels.

You collected 166 gold pieces.

Inventory:

Hand Weapons
 a - a +2 long sword (weapon)
Missiles
 d - 2 throwing nets (quivered)
Armour
 c - a +1 helmet (worn)
 j - a +0 cloak (worn)
 k - a +0 scale mail (worn)
Jewellery
 b - a ring of stealth (left claw)
 n - an uncursed ring of fire
Scrolls
 e - a scroll of remove curse
 f - a scroll of random uselessness {unknown}
 h - a scroll of fog
 i - 2 scrolls of magic mapping


   Skills:
 + Level 4.6 Fighting
 * Level 5.6 Long Blades
 - Level 1.7 Throwing
 * Level 4.7 Armour
 + Level 4.4 Dodging


You had 7 spell levels left.
You didn't know any spells.
Your spell library was empty.

Dungeon Overview and Level Annotations

Branches:
Dungeon (6/15)
 Temple: D:4-7

Altars:

Shops:
D:4 (

Annotations:
D:6 Eustachio


Innate Abilities, Weirdness & Mutations

You thrive by killing the living.
You are immune to poison.
You have sharp fingernails.
Your flesh is cold resistant. (rC+)
You are immune to negative energy. (rN+++)
You do not regenerate when monsters are visible.
You are immune to unholy pain and torment.
You can survive without breathing.


Message History

* * * LOW HITPOINT WARNING * * *
The quokka bites you.
* * * LOW HITPOINT WARNING * * *
Eustachio completely misses you.
You riposte.
You hit Eustachio.
Eustachio is almost dead.
The river rat barely misses you. The shadow imp hits you.
* * * LOW HITPOINT WARNING * * *
You aren't carrying any potions.
You aren't carrying any potions.
Okay, then.
The quokka bites you.
* * * LOW HITPOINT WARNING * * *
The iron imp barely misses you. Eustachio barely misses you.
The ufetubus closely misses you.
The ufetubus hits you but does no damage.
The shadow imp hits you but does no damage.
You miss Eustachio.
Eustachio is almost dead.
The quokka barely misses you. The ufetubus hits you.
You die...

###..#####..............
#.....................
#..............####.#.
#....##..#............
#....##..#.....####...
###....##..#............
#.....r.................
###..rr@...###...##.#..#
#..r5@5..............#
#...5######....##.#.##
#.....................#
###...####.##...###.###
#.... ........###.####
#.... ................
##... ..........#.####
#.###..............
............###


You could see Eustachio, an iron imp (summoned), 2 river rats, a shadow imp
(summoned), an ufetubus (summoned), a quokka (summoned) and a rat (summoned).

Vanquished Creatures
  Sigmund (D:5)
  2 ogres
  A scorpion (D:5)
  A howler monkey (D:4)
  2 centaur skeletons
  3 jellies
  An orc priest (D:3)
  2 orc wizards (D:3)
  A bullfrog skeleton (D:5)
  Natasha (thrice) (D:3)
  An iguana (D:4)
  2 worker ants
  6 gnolls (D:4)
  6 adders
  A shadow imp (D:5)
  An adder skeleton (D:5)
  5 worms
  4 dart slugs
  5 leopard geckos
  9 orcs
  7 giant cockroaches
  9 goblins
  7 hobgoblins
  4 jackals
  7 kobolds
  3 quokkas
  13 bats
  6 frilled lizards
  A leopard gecko skeleton (D:4)
  9 rats
  A bush (D:3)
124 creatures vanquished.

Vanquished Creatures (others)
  8 plants (D:3)
8 creatures vanquished.

Grand Total: 132 creatures vanquished

Notes
Turn   | Place    | Note
-------+----------+-------------------------------------------
     0 | D:1      | Borgoz the Ghoul Gladiator began the quest for the Orb.
     0 | D:1      | Reached XP level 1. HP: 17/17 MP: 0/0
    66 | D:1      | Reached XP level 2. HP: 20/24 MP: 1/1
   245 | D:1      | Reached skill level 1 in Armour
   253 | D:1      | Reached skill level 3 in Long Blades
   421 | D:1      | Reached XP level 3. HP: 28/30 MP: 2/2
  1113 | D:2      | Reached XP level 4. HP: 37/37 MP: 3/3
  1501 | D:3      | Reached XP level 5. HP: 35/44 MP: 4/4
  1601 | D:3      | Noticed Natasha
  1609 | D:3      | Killed Natasha
  1725 | D:3      | Reached skill level 4 in Long Blades
  1754 | D:3      | Reached XP level 6. HP: 22/51 MP: 5/5
  2210 | D:3      | Noticed Natasha
  2227 | D:3      | Killed Natasha
  2392 | D:3      | Noticed Natasha
  2405 | D:3      | Killed Natasha
  2817 | D:4      | Reached XP level 7. HP: 54/58 MP: 6/6
  3446 | D:4      | Found Jemituza's Weapon Shoppe.
  4216 | D:5      | Entered Level 5 of the Dungeon
  4592 | D:5      | Reached skill level 5 in Long Blades
  4681 | D:5      | Noticed Sigmund
  4692 | D:5      | Killed Sigmund
  4693 | D:5      | Reached XP level 8. HP: 10/67 MP: 7/7
  5130 | D:5      | Found a runed translucent gate.
  5130 | D:5      | Found a runed translucent gate.
  5130 | D:5      | Found a runed translucent gate.
  5130 | D:5      | You fall into a shaft and drop 1 floor!
  5254 | D:6      | Noticed Eustachio
  5311 | D:6      | HP: 1/67 [quokka[Eustachio] (4)]
  5312 | D:6      | Slain by an ufetubus

Illustrated notes

Levels and vault maps discovered:
D:1:      lordsloth_arrival_two_stooges, layout_rooms, chequers_garden,
          kennysheep_nondescript, minmay_tripent
D:2:      layout_rooms, minmay_goblin_outpost
D:3:      layout_rooms, minmay_misc_feat_five, serial_bayou_lagoon_a,
          minmay_hedge_maze, uniq_natasha
D:4:      layout_basic, serial_glass, glass_columns_a, glass_columns_b,
          glass_columns_b, glass_columns_a, glass_columns_a,
          kennysheep_small_circle
D:5:      layout_rooms, gammafunk_ghost_icy, minmay_misc_feat_square,
          uniq_sigmund
D:6:      layout_basic, minmay_temple_entry_statues_fountains, serial_glass,
          glass_columns_a, glass_columns_b, gammafunk_ghost_nasty_kobolds,
          uniq_eustachio

Skill      XL: |  1  2  3  4  5  6  7 |
---------------+----------------------+-----
Armour         | 1 2 3 4 |  4.7
Long Blades    | 3 4 5 |  5.6
Dodging        | 3 4 |  4.4
Fighting       | 3 4 |  4.6
Throwing       | |  1.7

Action                   |  1- 3 |  4- 6 |  7- 9 || total
-------------------------+-------+-------+-------++-------
Melee: Long sword        |    90 |   221 |   270 ||   581
Throw: Throwing net      |     1 |       |     3 ||     4
  Use: Scroll            |       |     6 |     5 ||    11
       Potion            |       |       |     3 ||     3
 Stab: Held in net/web   |     1 |       |       ||     1
Armor: Leather armour    |    41 |       |       ||    41
       Scale mail        |       |    84 |   171 ||   255
Dodge: Dodged            |    79 |   107 |   199 ||   385
       Rpst.: Long sword |    31 |    30 |    54 ||   115
